 Dungeon Crawl Stone Soup version 0.28.0-53-g5a82cb258f (webtiles) character file.

Game seed: 11211990062605443922

28 Gabide the Insei (level 3, -1/19 HPs)
             Began as a Vine Stalker Monk on May 27, 2022.
             Slain by an orc
             ... wielding a +0 hand axe
              (5 damage)
             ... on level 2 of the Dungeon.
             The game lasted 00:00:44 (938 turns).

Gabide the Insei (Vine Stalker Monk)                 Turns: 938, Time: 00:00:44

Health: -1/19      AC:  2    Str: 13    XL:     3   Next: 12%
Magic:  0/4        EV: 13    Int: 10    God:
Gold:   25         SH:  0    Dex: 18    Spells: 2/2 levels left

rFire   . . .      SeeInvis .     - Unarmed
rCold   . . .      Faith    .   (no shield)
rNeg    . . .      Spirit   +   a - +0 robe
rPois   .          Reflect  .   (no helmet)
rElec   .          Harm     .   (no cloak)
rCorr   .          Rampage  .   (no gloves)
Will    .....                   (no boots)
Stlth   ++........              (no amulet)
HPRegen 0.06/turn               (no ring)
MPRegen 0.09/turn               (no ring)

@: no status effects
A: fangs 2, magic shield, antimagic bite, no potion heal 2
a: no special abilities


You were on level 2 of the Dungeon.
You visited 1 branch of the dungeon, and saw 2 of its levels.

You collected 25 gold pieces.

Inventory:

Armour
 a - a +0 robe (worn)
Scrolls
 b - a scroll of vulnerability {unknown}
 c - a scroll of acquirement {unknown}
 d - a scroll of magic mapping {unknown}
 e - a scroll of identify {unknown}


   Skills:
 - Level 2.6 Fighting
 - Level 2.4 Dodging
 - Level 2.4 Stealth
 + Level 4.2 Unarmed Combat


You had 2 spell levels left.
You didn't know any spells.
Your spell library contained the following spells:

 Spells                   Type           Power      Damage    Failure   Level
 Magic Dart               Conj           0%         1d3       36%         1
 Call Imp                 Summ           0%         N/A       50%         2
 Mephitic Cloud           Conj/Pois/Air  0%         N/A       75%         3


Dungeon Overview and Level Annotations

Branches:
Dungeon (2/15)

Altars:

Shops:
D:2 [


Innate Abilities, Weirdness & Mutations

You have extremely sharp teeth.
When hurt, damage is shared between your health and your magic reserves.
Your bite disrupts and absorbs the magic of your enemies.
Potions cannot restore your health.


Message History

No target in view!
No target in view!
No target in view!
Found a stone staircase leading down.
e - a scroll labelled FASU XOEBUMICS
There is a stone staircase leading down here.
An orc comes into view. It is wielding a +0 flail.
Found a blackened silver ring.
An orc is nearby!
An orc wizard comes into view. It is wielding a +0 dagger.
An orc comes into view. It is wielding a +0 hand axe.
Found Mamuh's Antique Armour Shoppe.
The orc shouts! x2
There is a stone staircase leading down here.
A dart slug comes into view.
The orc wizard points at you and mumbles some strange words.
The puff of flame hits you!
Ouch! That really hurt!
You hit the dart slug.
The dart slug is lightly wounded.
The dart slug misses you.
You hit the dart slug but do no damage.
The dart slug is lightly wounded.
You punch the dart slug!
The dart slug is almost dead.
The orc wizard misses you. The dart slug barely misses you.
You hit the dart slug.
You kill the dart slug!
The orc wizard hits you with a +0 dagger.
You barely miss the orc wizard.
The orc wizard hits you with a +0 dagger.
* * * LOW HITPOINT WARNING * * *
You hit the orc wizard.
The orc wizard is moderately wounded.
The orc wizard barely misses you.
You hit the orc wizard. Your bite misses the orc wizard.
The orc wizard is heavily wounded.
You barely miss the orc. The orc wizard closely misses you.
The orc hits you with a +0 hand axe.
You die...

#................=..
#............$......
#......>..oo........
#######..####..o.......
######........#
#.........∩
##......######.#
#.......... ##..######
#o# #.......... ###..##
#####o# #..........
#...## #...@o#
..####.#### ..###
#.##### ..## .# ..##
#..# ###. ##.# #....
#.## #...# #..###...#
##.##...# #.##..#


You could see an orc wizard and 2 orcs.

Vanquished Creatures
  A gnoll (D:1)
  2 dart slugs
  An endoplasm (D:1)
  A giant cockroach (D:1)
  2 hobgoblins
  A kobold (D:1)
  3 ball pythons
  2 bats (D:1)
  2 rats
15 creatures vanquished.

Notes
Turn   | Place    | Note
-------+----------+-------------------------------------------
     0 | D:1      | Gabide the Vine Stalker Monk began the quest for the Orb.
     0 | D:1      | Reached XP level 1. HP: 11/11 MP: 2/2
   220 | D:1      | Reached XP level 2. HP: 8/16 MP: 1/3
   643 | D:1      | Reached skill level 4 in Unarmed Combat
   859 | D:2      | Reached XP level 3. HP: 19/19 MP: 4/4
   914 | D:2      | Found Mamuh's Antique Armour Shoppe.
   938 | D:2      | Slain by an orc

Illustrated notes

Levels and vault maps discovered:
D:1:      evilmike_arrival_grusome_pit, layout_basic
D:2:      layout_rooms, shapermc_ecumenical_altar_rom_forum, serial_shops, shop,
          uniq_crazy_yiuf_cottage

Skill      XL: |  1  2 |
---------------+-------+-----
Unarmed Combat | 4 |  4.2
Fighting       | |  2.6
Dodging        | |  2.4
Stealth        | |  2.4

Action                   || total
-------------------------++-------
Melee: Unarmed           ||    41
       Bite              ||    15
       Punch             ||     1
 Stab: Sleeping          ||     3
Armor: Robe              ||     5
Dodge: Dodged            ||    26
